 Dungeon Crawl Stone Soup version 0.25.1-1-g288607f5aa (webtiles) character file.

Game seed: 14321372197569692283

351384 Shotagonist the Hoplite (level 22, -4/156 HPs)
             Began as a Gargoyle Fighter on July 18, 2020.
             Was a High Priest of Okawaru.
             Slain by an ettin
             ... wielding a +0 great mace
              (27 damage)
             ... on level 1 of the Depths.
             The game lasted 05:17:44 (45655 turns).

Shotagonist the Hoplite (Gargoyle Fighter)         Turns: 45655, Time: 05:17:47

Health: -4/156     AC: 50    Str: 33    XL:     22   Next: 23%
Magic:  22/28      EV: 11    Int: 10    God:    Okawaru [*****.]
Gold:   4101       SH: 39    Dex:  9    Spells: 21/21 levels left

rFire    + + .     SeeInvis +   v - +9 demon whip (flame)
rCold    + . .     Gourm    .   R - +6 tower shield {rF+}
rNeg     + . .     Faith    .   q - +4 plate armour of Bozoyxaed {Harm rF+ Regen+}
rPois    ∞         Spirit   .   p - +2 hat of the Albatross {rElec Str+8 Int-2 Stlth-}
rElec    +         Reflect  +   V - scarf {repulsion}
rCorr    .         Harm     +   e - +1 pair of gloves
MR       +....                  o - +0 pair of boots
Stlth    ..........             F - amulet of reflection
HPRegen  0.76/turn              M - +4 ring of slaying
MPRegen  0.21/turn              K - ring of Nuden {rC+ SInv}

@: heroism, finesse, flying, repel missiles
A: antennae 1, big wings, claws 1, rugged brown scales 1, negative energy
resistance 1, electricity resistance, weak 1, unbreathing, petrification
resistance, rot immunity, AC +16
}: 2/15 runes: decaying, gossamer
a: Stop Flying, Heroism, Finesse, Renounce Religion


You were on level 1 of the Depths.
You worshipped Okawaru.
Okawaru was extremely pleased with you.
You were not hungry.

You visited 8 branches of the dungeon, and saw 37 of its levels.
You visited the Abyss 1 time.
You also visited: Gauntlet and Ice Cave.

You collected 6926 gold pieces.
You spent 2825 gold pieces at shops.

Inventory:

Hand Weapons
 v - a +9 demon whip of flaming (weapon)
Missiles
 d - 11 atropa-tipped darts
 z - 70 poisoned darts (quivered)
Armour
 e - a +1 pair of gloves (worn)
 o - a +0 pair of boots (worn)
 p - the +2 hat of the Albatross (worn) {rElec Str+8 Int-2 Stlth-}
   (Okawaru gifted it to you on level 15 of the Dungeon)

   It affects your strength (+8).
   It affects your intelligence (-2).
   It insulates you from electricity.
   It makes you less stealthy.
 q - the +4 plate armour of Bozoyxaed (worn) {Harm rF+ Regen+}
   (You bought it in a shop on level 15 of the Dungeon)

   It protects you from fire.
   It increases your rate of regeneration.
   It increases damage dealt and taken.
 D - a +1 crystal plate armour
 R - a +6 tower shield of fire resistance (worn)
 V - a scarf of repulsion (worn)
Jewellery
 l - an uncursed ring of resist corrosion
 r - an uncursed ring of positive energy
 u - an uncursed ring of protection from magic
 F - an amulet of reflection (around neck)
 K - the ring of Nuden (right hand) {rC+ SInv}
   (You bought it in a shop on level 7 of the Dungeon)

   [ring of see invisible]

   It protects you from cold.
   It lets you see invisible.
 M - a +4 ring of slaying (left hand)
 N - an uncursed ring of protection from cold
Wands
 a - a wand of clouds (32)
 b - a wand of enslavement (8)
 k - a wand of flame (28)
 t - a wand of disintegration (69)
 E - a wand of polymorph (16)
 I - a wand of paralysis (19)
 J - a wand of iceblast (8)
 Z - a wand of acid (19)
Scrolls
 g - 6 scrolls of magic mapping
 x - 16 scrolls of remove curse
 y - 7 scrolls of fear
 A - 2 scrolls of amnesia
 B - a scroll of summoning
 C - 15 scrolls of teleportation
 H - a scroll of fog
 Q - 2 scrolls of identify
 S - 5 scrolls of blinking
 W - 2 scrolls of torment
Potions
 h - a potion of might
 i - 7 potions of stabbing
 m - 2 potions of mutation
 n - 3 potions of berserk rage
 s - 6 potions of cancellation
 w - 2 potions of heal wounds
 G - 7 potions of ambrosia
 L - 3 potions of lignification
 O - 10 potions of curing
 T - 3 potions of resistance
 U - a potion of magic
 X - 2 potions of invisibility
 Y - a potion of haste
Comestibles
 f - 61 rations


   Skills:
 + Level 19.8(24.8) Fighting
 - Level 16.0(21.0) Maces & Flails
 + Level 19.8(24.8) Armour
 * Level 23.2(27) Shields
 - Level 8.0 Invocations


You had 21 spell levels left.
You didn't know any spells.
Your spell library contained the following spells:

 Spells                   Type           Power        Failure   Level  Hunger
 Animate Skeleton         Necr           N/A          71%         1    ##.....
 Apportation              Tloc           #.....       71%         1    ##.....
 Beastly Appendage        Tmut           #.....       71%         1    ##.....
 Corona                   Hex            #......      71%         1    ##.....
 Pain                     Necr           #...         71%         1    ##.....
 Summon Butterflies       Summ           #.......     71%         1    ##.....
 Summon Small Mammal      Summ           #...         71%         1    ##.....
 Call Imp                 Summ           #.......     85%         2    ###....
 Corpse Rot               Necr/Air       N/A          85%         2    ###....
 Ensorcelled Hibernation  Hex/Ice        #.....       85%         2    ###....
 Sticks to Snakes         Tmut           #.......     85%         2    ###....
 Call Canine Familiar     Summ           #.......     97%         3    ####...
 Confusing Touch          Hex            #.......     97%         3    ####...
 Dazzling Flash           Conj/Hex       #.....       97%         3    ####...
 Gell's Gravitas          Tloc           #.........   97%         3    ####...
 Lesser Beckoning         Tloc           #.........   97%         3    ####...
 Spider Form              Tmut/Pois      #.........   97%         3    ####...
 Summon Guardian Golem    Hex/Summ       #.......     97%         3    ####...
 Tukima's Dance           Hex            #.......     97%         3    ####...
 Vampiric Draining        Necr           #.........   97%         3    ####...
 Animate Dead             Necr           N/A          100%        4    #####..
 Dispel Undead            Necr           #.......     100%        4    #####..
 Ice Form                 Ice/Tmut       #.......     100%        4    #####..
 Petrify                  Tmut/Erth      #.......     100%        4    #####..
 Summon Ice Beast         Ice/Summ       #.......     100%        4    #####..
 Summon Lightning Spire   Summ/Air       #.......     100%        4    #####..
 Agony                    Necr           #.......     100%        5    ######.
 Alistair's Intoxication  Tmut/Pois      #.......     100%        5    ######.
 Blade Hands              Tmut           #.........   100%        5    ######.
 Excruciating Wounds      Chrm/Necr      #.........   100%        5    ######.
 Iskenderun's Battlesphe  Conj/Chrm      #.......     100%        5    ######.
 Metabolic Englaciation   Hex/Ice        #.........   100%        5    ######.
 Silence                  Hex/Air        #.........   100%        5    ######.
 Yara's Violent Unravell  Hex/Tmut       #.........   100%        5    ######.
 Conjure Ball Lightning   Conj/Air       #.........   100%        6    #######
 Freezing Cloud           Conj/Ice/Air   #.........   100%        6    #######
 Invisibility             Hex            #.......     100%        6    #######
 Tornado                  Air            #.........   100%        9    #######
 Sublimation of Blood     Necr           Unusable     N/A         2    N/A

Dungeon Overview and Level Annotations

Branches:
Dungeon (15/15)            Temple (1/1) D:5            Lair (6/6) D:9
  Swamp (4/4) Lair:4       Spider (4/4) Lair:3        Slime (0/5) Lair:5
    Orc (2/2) D:12            Elf (0/3) Orc:2        Vaults (4/5) D:13
  Crypt (0/3) Vaults:2     Depths (1/5) D:15          IceCv (visited)
Gauntlet (visited)

Altars:
Cheibriados
Dithmenos
Elyvilon
Gozag
Hepliaklqana
Kikubaaqudgha
Makhleb
Okawaru
Sif Muna
Trog
Uskayaw
Vehumet
Wu Jian
Xom
Yredelemnul
Zin
Jiyva

Shops:
D:5 *   D:7 =   D:9 ?   D:13 :}%*   D:15 *   Orc:1 *}   Orc:2 ([![?

Portals:
Trove: D:13 (give 6 scrolls of fog)

Annotations:
Lair:5 1 runed translucent door


Innate Abilities, Weirdness & Mutations

You are resistant to torment.
Your stone body is resilient. (AC +16)
You are immune to poison.
Your large and strong wings let you fly indefinitely.
You resist negative energy. (rN+)
You are resistant to electric shocks. (rElec)
You can survive without breathing.
You are immune to petrification.
You are immune to rotting.
You have a pair of small antennae on your head.
You have sharp fingernails.
You are partially covered in rugged brown scales. (AC +1, +3% HP)
You are weak. (Str -2)


Message History

Okawaru accepts your kill.
The troll leather armour is intact enough to wear.
You block the deep troll's attack. x3
The ettin hits you with a +0 great mace!!
You block the ettin's attack. The deep troll closely misses you.
The deep troll claws you but does no damage. x2
The ettin hits you with a +0 great mace!!
* * * LOW HITPOINT WARNING * * *
The ettin hits you but does no damage.
Things that are here:
a +0 troll leather armour; a deep troll corpse
Okay, then.
Okay, then.
You feel much better. You block the deep troll's attack. x2
The deep troll claws you!!
* * * LOW HITPOINT WARNING * * *
The iron troll bites you but does no damage.
You block the iron troll's attack. x2
The ettin hits you with a +0 great mace!!
You die...

##......
#....... #.....#
#.....## #
#......#.#
###.......## #
##TC........# #
##C@TT........
##
##..###).......
.######## ##..##
##.......
.>..#...####..##
#......
...........#.##
#.....
..........#..#
.....
............##
....
##..........#
....
###.........#


You could see an iron troll, 2 ettins, a deep troll (fast, strong) and a deep
troll shaman.

Vanquished Creatures
  Mara (Vaults:2)
  Sojobo (D:15)
  Boris (thrice) (Vaults:2 Vaults:3 Vaults:4)
  Bai Suzhen (Swamp:3)
  the Lernaean hydra (Swamp:3)
  Nikola (Vaults:2)
  Arachne (Spider:2)
  A tentacled monstrosity (Vaults:4)
  Asterion (Spider:2)
  A quicksilver dragon (Vaults:4)
  A tentacled starspawn (Abyss:2)
  A shadow dragon (Vaults:4)
  2 thorn hunters (Swamp:4)
  Agnes (D:15)
  A sphinx (Vaults:3)
  The ghost of Anuqaetage the Severer, an adept HOFi of Beogh (Spider:4)
  Donald (Spider:3)
  Kirke (Lair:4)
  2 tengu reavers
  A deep elf sorcerer (Vaults:4)
  3 frost giants
  Louise (Spider:4)
  Aizul (Swamp:2)
  7 emperor scorpions
  A cacodemon (Abyss:2)
  4 ghost moths (Spider:4)
  A ghoul (Vaults:2)
  10 vault wardens
  A curse skull (Vaults:2)
  The ghost of ciphuk the Brawler, a journeyman TrMo of Ru (Lair:5)
  11 very ugly things
  10 ironheart preservers
  7 entropy weavers
  4 stone giants
  Azrael (Spider:3)
  A vampire knight (Vaults:2)
  The ghost of Befuwnopp the Grappler, a journeyman TrHu of Cheibriados (Lair:3)
  A white draconian (Abyss:2)
  3 spark wasps (Spider:4)
  A dire elephant (Lair:6)
  A merfolk impaler (Depths:1)
  A minotaur (Gauntlet)
  2 deep elf death magi
  5 fire dragons
  3 ettins
  2 great orbs of eyes (Depths:1)
  10 yaktaur captains
  5 ice dragons
  11 vault guards
  19 hydras
  Fannar (Lair:1)
  A ghost crab (Swamp:2)
  2 rakshasas
  5 shambling mangroves
  3 death knights
  5 centaur warriors
  8 ogre magi
  3 deep troll shamans
  35 two-headed ogres
  5 death yaks
  3 deep troll earth magi (Depths:1)
  Urug (Lair:2)
  14 alligators
  A queen ant (Spider:4)
  An orc high priest (Orc:2)
  A vampire mage (Depths:1)
  A fire crab (Lair:6)
  Nergalle (D:12)
  5 large abominations
  A wretched star (Abyss:2)
  2 skeletal warriors (Vaults:1)
  A spatial maelstrom (Abyss:2)
  4 deep elf knights
  3 unseen horrors
  A sixfirhy (Gauntlet)
  A deep troll (shapeshifter) (Vaults:4)
  A glowing orange brain (Vaults:3)
  A shadow wraith (Vaults:3)
  2 spriggan druids (Swamp:3)
  A swamp dragon (shapeshifter) (Depths:1)
  6 deep elf archers
  8 deep trolls
  10 harpies
  4 starcursed masses (Abyss:2)
  7 wizards
  A tengu zombie (Vaults:4)
  12 swamp dragons
  A wolf spider zombie (D:13)
  3 necromancers
  4 orc knights
  12 ironbrand convokers
  6 orc sorcerers
  37 wolf spiders
  13 deep elf magi
  3 cyclopes
  12 orb spiders
  30 ugly things
  3 manticores
  10 elephants
  4 black mambas
  3 centaur zombies (D:15)
  5 ice statues (IceCv)
  Maurice (D:9)
  12 vault sentinels
  2 naga magi (D:15)
  A torpor snail (Lair:4)
  2 gargoyles
  17 spiny frogs
  3 molten gargoyles (Lair:6)
  2 centaur skeletons
  An orange demon (Abyss:2)
  3 rime drakes
  2 human zombies (Vaults:4)
  15 demonic crawlers
  2 freezing wraiths
  9 komodo dragons
  33 yaktaurs
  A tengu conjurer (D:14)
  6 trolls
  A harpy zombie (D:14)
  An ancient zyme (Abyss:2)
  A queen bee (Lair:5)
  18 hornets
  A meliai (Lair:5)
  3 jumping spiders (shapeshifter)
  6 polar bears
  2 bog bodies
  31 jumping spiders
  17 tyrant leeches
  22 slime creatures
  16 blink frogs
  7 dream sheep (Lair:4)
  15 hippogriffs
  A dire elephant simulacrum (IceCv)
  54 redbacks
  25 tarantellas
  7 spriggans
  4 water elementals (Depths:1)
  Sigmund (D:3)
  4 wraiths
  2 shadows
  Eustachio (D:6)
  A basilisk (shapeshifter) (D:14)
  39 yaks
  3 ynoxinuls (Abyss:2)
  A fire bat (Abyss:2)
  2 fire elementals (Spider:3)
  3 hogs (Lair:4)
  Grum (Lair:1)
  6 basilisks
  7 wyverns
  2 hungry ghosts
  4 wargs
  2 steam dragons
  2 neqoxecs (Abyss:2)
  17 vampire mosquitoes
  10 swamp worms
  2 iron troll simulacra (IceCv)
  3 harpy simulacra (IceCv)
  4 acid dragons
  A naga (shapeshifter) (Vaults:2)
  25 soldier ants (Spider:4)
  7 insubstantial wisps
  2 hydra simulacra (IceCv)
  13 water moccasins
  6 hell hounds
  8 small abominations
  6 porcupines
  29 orc warriors
  5 black bears (Lair:1)
  5 sky beasts
  28 ogres
  2 eyes of draining (D:12)
  11 ice beasts
  4 phantoms
  3 ettin simulacra
  A hornet zombie (D:7)
  17 swamp drakes
  A boggart (shapeshifter) (Vaults:2)
  12 wolves
  14 centaurs
  10 crocodiles
  3 big kobolds
  18 bullfrogs
  A wyvern zombie (D:7)
  2 wyvern skeletons
  2 scorpions
  A hornet simulacrum (D:15)
  31 killer bees
  15 wights
  2 howler monkeys
  5 electric eels
  A human simulacrum (Vaults:4)
  4 lava snakes (Lair:6)
  10 crimson imps
  3 jellies
  5 quasits
  3 bullfrog zombies
  29 orc priests
  9 hounds
  32 orc wizards
  5 bullfrog skeletons
  An iguana (D:12)
  Terence (D:2)
  Natasha (thrice) (D:1)
  29 worker ants
  2 worker ant zombies
  A howler monkey zombie (D:6)
  A howler monkey skeleton (D:6)
  8 gnolls
  17 adders
  3 river rats (D:9)
  6 shadow imps
  2 white imps
  3 ufetubi
  An ooze (D:4)
  2 adder skeletons
  3 worms (D:2)
  5 dart slugs
  4 leopard geckos (D:1)
  117 orcs
  3 ball pythons
  12 bats
  4 giant cockroaches
  11 goblins
  9 hobgoblins
  10 jackals
  11 quokkas
  5 frilled lizards
  25 kobolds
  2 quokka skeletons (D:5)
  A quokka zombie (D:5)
  16 rats
  A fungus (Lair:5)
1632 creatures vanquished.

Vanquished Creatures (collateral kills)
  2 centaur warriors (Orc:2)
  An orc knight (Orc:2)
  2 oklob plants (Lair:2)
  A warg (Orc:2)
  2 orc warriors (Orc:2)
  A lava snake (Lair:6)
  2 orc priests (Orc:2)
  An orc wizard (Orc:2)
  2 orcs (Orc:2)
14 creatures vanquished.

Vanquished Creatures (others)
  A very ugly thing (D:15)
  A swamp dragon (Swamp:4)
  An ironbrand convoker (Vaults:2)
  A spriggan druid (Swamp:4)
  A spriggan (Swamp:4)
  A basilisk (Lair:6)
  A human (Lair:4)
  A centaur (D:15)
  An orc wizard (Orc:1)
  12 fungi
  A lurking horror (Abyss:2)
  17 plants
  2 starspawn tentacles (Abyss:2)
41 creatures vanquished.

Grand Total: 1687 creatures vanquished

Notes
Turn   | Place    | Note
-------+----------+-------------------------------------------
     0 | D:1      | Shotagonist the Gargoyle Fighter began the quest for the
                  | Orb.
     0 | D:1      | Reached XP level 1. HP: 14/14 MP: 1/1
   270 | D:1      | Reached XP level 2. HP: 19/19 MP: 2/2
   603 | D:1      | Reached XP level 3. HP: 23/23 MP: 3/3
  1307 | D:1      | Reached XP level 4. HP: 22/29 MP: 4/4
  1609 | D:2      | Noticed Natasha
  1622 | D:1      | Killed Natasha
  1775 | D:1      | Noticed Natasha
  1784 | D:1      | Killed Natasha
  1784 | D:1      | Reached XP level 5. HP: 33/33 MP: 5/5
  1799 | D:1      | Noticed Natasha
  1810 | D:1      | Killed Natasha
  1810 | D:1      | Reached skill level 4 in Shields
  2362 | D:2      | Found a shimmering blue altar of Sif Muna.
  2389 | D:2      | Noticed Terence
  2401 | D:2      | Killed Terence
  2401 | D:2      | Reached XP level 6. HP: 38/38 MP: 6/6
  2667 | D:3      | Found a radiant altar of Vehumet.
  2667 | D:3      | Found a burning altar of Makhleb.
  3797 | D:4      | Found a burning altar of Makhleb.
  3886 | D:4      | Reached XP level 7. HP: 37/44 MP: 7/7
  4036 | D:4      | Reached skill level 5 in Maces & Flails
  4109 | D:4      | Reached skill level 5 in Fighting
  4159 | D:4      | Reached skill level 5 in Shields
  4165 | D:4      | Reached skill level 5 in Armour
  4363 | D:4      | Noticed Sigmund
  4827 | D:3      | Killed Sigmund
  4827 | D:3      | Reached XP level 8. HP: 46/50 MP: 8/8
  5078 | D:5      | Entered Level 5 of the Dungeon
  5219 | D:5      | HP: 1/50 [orc priest/divine providence (12)]
  5748 | D:5      | Found a bloodstained altar of Trog.
  5837 | D:5      | Found Pathriack's Mass Market.
  6093 | D:5      | Reached skill level 6 in Shields
  6150 | D:5      | Found a staircase to the Ecumenical Temple.
  6165 | Temple   | Entered the Ecumenical Temple
  6210 | Temple   | Became a worshipper of Warmaster Okawaru
  6486 | D:6      | Reached skill level 1 in Invocations
  6533 | D:6      | Reached XP level 9. HP: 49/56 MP: 8/10
  6616 | D:6      | Reached * piety under Okawaru
  7080 | D:6      | Noticed Eustachio
  7089 | D:6      | Killed Eustachio
  7541 | D:7      | Reached ** piety under Okawaru
  7541 | D:7      | Reached skill level 7 in Shields
  7846 | D:7      | Found Xoumugol's Jewellery Boutique.
  7933 | D:7      | Reached XP level 10. HP: 63/63 MP: 12/12
  8134 | D:7      | Found an opulent altar of Gozag.
  8369 | D:7      | Gained mutation: Your mind is acute. (Int +2) [potion of
                  | mutation]
  8369 | D:7      | Gained mutation: You have a pair of small horns on your
                  | head. [potion of mutation]
  9166 | D:7      | Bought the ring of Nuden {rC+ SInv} for 406 gold pieces
  9497 | D:9      | Reached *** piety under Okawaru
  9596 | D:9      | Noticed a death yak
  9596 | D:9      | Noticed a death yak
  9607 | D:9      | Noticed a death yak
  9649 | D:9      | Killed a death yak
  9884 | D:9      | Reached skill level 8 in Shields
  9901 | D:9      | Reached skill level 5 in Invocations
  9924 | D:9      | Received a gift from Okawaru
 10140 | D:9      | Noticed Maurice
 10157 | D:9      | Killed Maurice
 10157 | D:9      | Reached skill level 10 in Maces & Flails
 10283 | D:9      | Found Tauhesiv's Magic Scroll Shop.
 10290 | D:9      | Bought a scroll of fog for 32 gold pieces
 10290 | D:9      | Bought a scroll of teleportation for 48 gold pieces
 10290 | D:9      | Bought a scroll of identify for 32 gold pieces
 10291 | D:9      | Identified a scroll of acquirement
 10293 | D:9      | Acquired a +2 morningstar of pain
 10348 | D:9      | Found a staircase to the Lair.
 10372 | D:9      | Killed a death yak
 10372 | D:9      | Reached XP level 11. HP: 41/69 MP: 12/15
 10384 | D:9      | Killed a death yak
 10384 | D:9      | Reached **** piety under Okawaru
 11192 | D:10     | Entered Level 10 of the Dungeon
 12212 | D:10     | Noticed an unseen horror
 12223 | D:10     | Killed an unseen horror
 12382 | D:9      | Bought a scroll of enchant weapon for 120 gold pieces
 12678 | Lair:1   | Entered Level 1 of the Lair of Beasts
 12682 | Lair:1   | Reached skill level 9 in Shields
 12718 | Lair:1   | Noticed Grum
 12732 | Lair:1   | Killed Grum
 13002 | Lair:1   | Reached ***** piety under Okawaru
 13073 | Lair:1   | Noticed Urug
 13128 | Lair:1   | Reached XP level 12. HP: 36/76 MP: 17/17
 13839 | Lair:1   | Noticed Fannar
 13853 | Lair:1   | Killed Fannar
 13853 | Lair:1   | Received a gift from Okawaru
 14402 | Lair:2   | Noticed a five-headed hydra
 14425 | Lair:2   | Killed a five-headed hydra
 14560 | Lair:2   | Killed Urug
 15005 | Lair:2   | Reached skill level 10 in Fighting
 15230 | Lair:2   | Reached skill level 10 in Shields
 15734 | Lair:3   | Reached skill level 10 in Armour
 16129 | Lair:3   | Reached XP level 13. HP: 66/83 MP: 19/19
 16322 | Lair:3   | Found a runed translucent door.
 16326 | Lair:3   | Noticed Befuwnopp's ghost (journeyman TrHu)
 16341 | Lair:3   | Killed Befuwnopp's ghost
 16562 | Lair:3   | Found a hole to the Spider Nest.
 16746 | Lair:4   | Noticed Kirke
 16775 | Lair:4   | Noticed a sphinx
 16775 | Lair:4   | Killed Kirke
 16832 | Lair:4   | Received a gift from Okawaru
 17205 | Lair:4   | Reached skill level 11 in Shields
 18177 | Lair:4   | Found a staircase to the Swamp.
 18287 | Lair:5   | Found a transporter.
 18292 | Lair:5   | Found a transporter.
 18292 | Lair:5   | Noticed ciphuk's ghost (journeyman TrMo)
 18398 | Lair:5   | Killed ciphuk's ghost
 18597 | Lair:5   | Received a gift from Okawaru
 18798 | Lair:5   | Found a runed translucent door.
 18798 | Lair:5   | Found a viscous altar of Jiyva.
 18799 | Lair:5   | Found a staircase to the Slime Pits.
 19521 | Lair:6   | Entered Level 6 of the Lair of Beasts
 19525 | Lair:6   | Gained mutation: Your large and strong wings let you fly
                  | indefinitely. [Gargoyle growth]
 19525 | Lair:6   | Reached XP level 14. HP: 90/90 MP: 20/20
 19755 | Lair:6   | Reached ****** piety under Okawaru
 19786 | Lair:6   | Noticed a dire elephant
 19949 | Lair:6   | Killed a dire elephant
 20321 | Lair:6   | Received a gift from Okawaru
 20327 | Lair:6   | Got a slimy flail {god gift}
 20328 | Lair:6   | Identified the +1 flail "Teezutih" {drain, *Corrode rN+
                  | Dex+3} (Okawaru gifted it to you on level 6 of the Lair of
                  | Beasts)
 20414 | Lair:6   | Found a large runed translucent door.
 20415 | Lair:6   | Found a large runed translucent door.
 20514 | Lair:6   | Reached skill level 12 in Shields
 22020 | D:9      | Bought 2 scrolls of enchant weapon for 240 gold pieces
 22020 | D:9      | Bought a scroll of enchant armour for 120 gold pieces
 22277 | D:11     | Reached skill level 15 in Maces & Flails
 22384 | D:11     | Acquired a +2 tower shield of fire resistance
 22435 | D:11     | Received a gift from Okawaru
 22912 | D:12     | Noticed Nergalle
 22924 | D:12     | Killed Nergalle
 23019 | D:12     | Found a staircase to the Orcish Mines.
 24346 | Orc:1    | Entered Level 1 of the Orcish Mines
 24352 | Orc:1    | Paralysed by an orc sorcerer for 6 turns
 24536 | Orc:1    | Reached XP level 15. HP: 97/97 MP: 18/21
 24586 | Orc:1    | Found a burning altar of Makhleb.
 24733 | Orc:1    | Received a gift from Okawaru
 24887 | Orc:1    | Found Desig's Assorted Antiques.
 24904 | Orc:1    | Found Tulog's Gadget Shop.
 24950 | Orc:1    | Bought a scroll labeled OROCHU EDOCK for 25 gold pieces
 24988 | Orc:2    | Entered Level 2 of the Orcish Mines
 25142 | Orc:2    | Found Cexeu's Antique Armour Shop.
 25142 | Orc:2    | Found Owyeme Wit's Distillery.
 25166 | Orc:2    | Found Dyif's Antique Armour Boutique.
 25166 | Orc:2    | Found Tohuv's Antique Weapon Boutique.
 25180 | Orc:2    | Paralysed by an orc sorcerer for 4 turns
 25231 | Orc:2    | Was placed under penance by Okawaru
 25265 | Orc:2    | Noticed a frost giant
 25265 | Orc:2    | Noticed a frost giant
 25483 | Orc:2    | Noticed a deep elf blademaster
 26181 | Orc:2    | Found a staircase to the Elven Halls.
 26218 | Orc:2    | Was forgiven by Okawaru
 26458 | Orc:2    | Bought a glowing eveningstar for 378 gold pieces
 26462 | Orc:2    | Bought a potion of cancellation for 104 gold pieces
 26462 | Orc:2    | Bought a potion of heal wounds for 65 gold pieces
 26462 | Orc:2    | Bought a potion of berserk rage for 65 gold pieces
 26462 | Orc:2    | Bought a potion of heal wounds for 65 gold pieces
 26462 | Orc:2    | Bought a potion of curing for 39 gold pieces
 26502 | Orc:2    | Killed a frost giant
 26553 | Orc:2    | Killed a frost giant
 26797 | Orc:2    | Found Raesito's Magic Scroll Emporium.
 26812 | Orc:2    | Bought a scroll of teleportation for 36 gold pieces
 26812 | Orc:2    | Bought a scroll of fear for 42 gold pieces
 26812 | Orc:2    | Bought a scroll of blinking for 90 gold pieces
 26812 | Orc:2    | Bought a scroll of teleportation for 36 gold pieces
 26812 | Orc:2    | Bought a scroll of blinking for 90 gold pieces
 27268 | D:13     | Found Qaekhluz's Book Shop.
 27524 | D:13     | Found a gate to the Vaults.
 27578 | D:13     | Reached skill level 13 in Shields
 27694 | D:13     | Found Moviu's Gadget Boutique.
 27710 | D:13     | Found Letuacki's Food Shop.
 27889 | D:13     | Found a portal to a secret trove of treasure.
 27958 | D:13     | Found Buloz's General Store.
 28403 | D:14     | Found a gate leading to a gauntlet.
 28458 | Gauntlet | Entered a Gauntlet
 28458 | Gauntlet | Found a transporter.
 28544 | Gauntlet | Found a transporter.
 28544 | Gauntlet | Found a transporter.
 28573 | Gauntlet | Found a transporter.
 28581 | Gauntlet | Found a transporter.
 28581 | Gauntlet | Found a transporter.
 28581 | Gauntlet | Found a transporter.
 28607 | Gauntlet | Identified the cursed -2 pair of boots of Wrong Decisions
                  | {rC+++ MP+9 Str+3 Slay-4} (You found it in a Gauntlet)
 28665 | Gauntlet | Found a transporter.
 28796 | Gauntlet | Identified the +2 chain mail of Resonance {Str+3 Stlth+}
 28796 | Gauntlet | Identified the ring of Gaolel {MR+ Stlth-}
 29136 | D:14     | Received a gift from Okawaru
 29432 | D:14     | Reached XP level 16. HP: 97/105 MP: 22/22
 29580 | D:15     | Entered Level 15 of the Dungeon
 30334 | D:15     | Reached skill level 14 in Shields
 30445 | D:15     | Found a staircase to the Depths.
 30650 | D:15     | Found Jeuzyssogae's Assorted Antiques.
 30658 | D:15     | Bought a shimmering plate armour for 672 gold pieces
 30658 | D:15     | Bought a dented ruby amulet for 120 gold pieces
 30658 | D:15     | Identified the +4 plate armour of Bozoyxaed {Harm rF+
                  | Regen+} (You bought it in a shop on level 15 of the
                  | Dungeon)
 30904 | D:15     | Noticed Agnes
 30918 | D:15     | Killed Agnes
 30918 | D:15     | Received a gift from Okawaru
 30919 | D:15     | Got a pitted hat {god gift}
 30925 | D:15     | Identified the +2 hat of the Albatross {rElec Str+8 Int-2
                  | Stlth-} (Okawaru gifted it to you on level 15 of the
                  | Dungeon)
 31226 | Swamp:1  | Entered Level 1 of the Swamp
 32289 | Swamp:2  | Noticed Aizul
 32310 | Swamp:2  | Killed Aizul
 32971 | Swamp:3  | Reached skill level 15 in Fighting
 32979 | Swamp:3  | Reached skill level 15 in Armour
 32988 | Swamp:3  | Reached skill level 15 in Shields
 33295 | Swamp:3  | Noticed Bai Suzhen
 33298 | Swamp:3  | Received a gift from Okawaru
 33312 | Swamp:3  | Killed Bai Suzhen
 33312 | Swamp:3  | Reached XP level 17. HP: 108/113 MP: 23/23
 33524 | Swamp:4  | Entered Level 4 of the Swamp
 33972 | Swamp:4  | Reached skill level 16 in Shields
 33982 | Swamp:4  | Noticed the 27-headed Lernaean hydra
 34441 | Swamp:4  | Got a decaying rune of Zot
 34535 | Swamp:4  | Received a gift from Okawaru
 34762 | Swamp:3  | Killed the 27-headed Lernaean hydra
 34866 | Spider:1 | Entered Level 1 of the Spider Nest
 34953 | Spider:1 | Acquired 2550 gold pieces
 35156 | Spider:1 | Reached skill level 17 in Shields
 35511 | Spider:2 | Received a gift from Okawaru
 35598 | Spider:2 | Reached XP level 18. HP: 116/120 MP: 24/24
 35680 | Spider:2 | Noticed Asterion
 35688 | Spider:2 | Killed Asterion
 35745 | Spider:2 | Noticed Arachne
 35766 | Spider:2 | Killed Arachne
 36233 | Spider:3 | Noticed Donald
 36272 | Spider:3 | Killed Donald
 36281 | Spider:3 | Found a frozen archway.
 36292 | IceCv    | Entered an ice cave
 36374 | IceCv    | Received a gift from Okawaru
 36488 | IceCv    | Identified the Handbook of Frigorific Confrontation
 36808 | Spider:3 | Reached skill level 18 in Shields
 36814 | Spider:3 | Noticed Azrael
 36825 | Spider:3 | Killed Azrael
 36875 | Spider:4 | Entered Level 4 of the Spider Nest
 36875 | Spider:4 | Noticed Louise
 36888 | Spider:4 | Killed Louise
 36889 | Spider:4 | Found a runed translucent door.
 36977 | Spider:4 | Noticed Anuqaetage's ghost (adept HOFi)
 36991 | Spider:4 | Killed Anuqaetage's ghost
 37101 | Spider:4 | Received a gift from Okawaru
 37786 | Spider:4 | Reached XP level 19. HP: 128/128 MP: 1/25
 37861 | Spider:4 | Received a gift from Okawaru
 38022 | Spider:4 | Reached skill level 19 in Shields
 38178 | Spider:4 | Got a gossamer rune of Zot
 38626 | Vaults:1 | Entered Level 1 of the Vaults
 40393 | Vaults:2 | Received a gift from Okawaru
 40393 | Vaults:2 | Reached skill level 20 in Shields
 40515 | Vaults:2 | Noticed Boris
 40524 | Vaults:2 | Killed Boris
 40696 | Vaults:2 | Found a staircase to the Crypt.
 40766 | Vaults:2 | Reached XP level 20. HP: 136/136 MP: 26/26
 41027 | Vaults:2 | Noticed Mara
 41039 | Vaults:2 | Killed Mara
 41062 | Vaults:2 | Noticed Nikola
 41074 | Vaults:2 | Killed Nikola
 41645 | Vaults:3 | Reached skill level 21 in Shields
 41646 | Vaults:3 | Received a gift from Okawaru
 41647 | Vaults:3 | Got a steaming trident {god gift}
 42211 | Vaults:3 | Noticed Boris
 42216 | Vaults:3 | Killed Boris
 42247 | Vaults:3 | Paralysed by a wizard for 2 turns
 42279 | Vaults:3 | Received a gift from Okawaru
 42747 | Vaults:4 | Reached XP level 21. HP: 143/143 MP: 27/27
 42945 | Vaults:4 | Noticed Boris
 42959 | Vaults:4 | Reached skill level 22 in Shields
 42973 | Vaults:4 | Killed Boris
 43336 | Vaults:4 | Cast into level 2 of the Abyss (a deep elf sorcerer)
 43414 | Abyss:2  | Gained mutation: You are weak. (Str -2) [a neqoxec]
 43642 | Abyss:2  | Gained mutation: You tend to lose your temper in combat. [a
                  | cacodemon]
 43677 | Abyss:2  | Received a gift from Okawaru
 43678 | Abyss:2  | Got a fine chain mail {god gift}
 43736 | Vaults:4 | Escaped the Abyss
 44214 | Vaults:4 | Got a bound iron amulet
 44217 | Vaults:4 | Identified the amulet "Vustraezu" {Inacc Str+4} (You found
                  | it on level 4 of the Vaults)
 44685 | Depths:1 | Entered Level 1 of the Depths
 44702 | Depths:1 | Noticed Sojobo
 44790 | D:15     | Lost mutation: You have a pair of small horns on your head.
                  | [potion of mutation]
 44790 | D:15     | Lost mutation: Your mind is acute. (Int +2) [potion of
                  | mutation]
 44790 | D:15     | Lost mutation: You tend to lose your temper in combat.
                  | [potion of mutation]
 44790 | D:15     | Gained mutation: You possess an exceptional clarity of
                  | mind. [potion of mutation]
 44790 | D:15     | Gained mutation: You have sharp fingernails. [potion of
                  | mutation]
 44790 | D:15     | Gained mutation: Scrolls take you a little longer to read.
                  | [potion of mutation]
 44790 | D:15     | Gained mutation: Your mind is acute. (Int +2) [potion of
                  | mutation]
 44791 | D:15     | Lost mutation: Scrolls take you a little longer to read.
                  | [potion of mutation]
 44791 | D:15     | Lost mutation: You possess an exceptional clarity of mind.
                  | [potion of mutation]
 44791 | D:15     | Lost mutation: Your mind is acute. (Int +2) [potion of
                  | mutation]
 44791 | D:15     | Gained mutation: You are partially covered in rugged brown
                  | scales. (AC +1, +3% HP) [potion of mutation]
 44791 | D:15     | Gained mutation: You have a pair of small antennae on your
                  | head. [potion of mutation]
 44822 | D:15     | Killed Sojobo
 44962 | Depths:1 | Received a gift from Okawaru
 44974 | Depths:1 | Reached XP level 22. HP: 154/154 MP: 28/28
 45032 | Depths:1 | Reached skill level 23 in Shields
 45655 | Depths:1 | Slain by an ettin

Illustrated notes

Levels and vault maps discovered:
D:1:      minmay_arrival_stair_chambers, layout_loops_ring,
          chequers_serial_rivers_room_b, grunt_decor_mini_mirrors
D:2:      layout_loops_ring, led_sif_pool, minmay_heptomino_w4, uniq_terence,
          uniq_natasha
D:3:      layout_basic, grunt_temple_overflow_lords_of_destruction,
          nrook_mini_backslash
D:4:      layout_basic, makhleb_blood_cavern_becter, uniq_sigmund
D:5:      minmay_skewed_foursquare, layout_loops_ring, temple_green,
          first_ration, minmay_shop_mass, trog_book
D:6:      layout_cave_pods, minmay_crystal_room, uniq_eustachio
D:7:      layout_loops_corners, grunt_gozag_statues, serial_shops,
          nicolae_shop_stone, grunt_ogre_cave
D:8:      layout_loops_corners, dk_vineyard_3
D:9:      layout_layer_cave, dpeg_lair_monsters, serial_shops, shop_fountains,
          minmay_fractal_squares_diagonal_5, uniq_maurice
D:10:     layout_irregular_city, minmay_misc_feat_square
D:11:     layout_small_grid
D:12:     layout_loops_corners, hiddenorc2_lemuel, minmay_misc_feat_doors,
          uniq_nergalle
D:13:     layout_small_grid, lightli_vaults_fourway_checkpoint, serial_shops,
          nicolae_shop_behind_doors, shop, nicolae_shop_crystal, shop,
          trove_entry_hex_spiral
D:14:     layout_cave_pools, minivault_19, gauntlet_entry_generic,
          nooodl_food_tri
D:15:     grunt_enter_depths_magical_seal, layout_gridville, serial_shops,
          nicolae_shop_stone, uniq_agnes
Temple:   eino_narrow_crystal_temple
Lair:1:   beast_lair_carwin_large_3, layout_hall_layers, uniq_urug, uniq_grum,
          uniq_fannar
Lair:2:   dpeg_oklob_gauntlet, layout_loops_ring, nicolae_quartered_pool_super,
          guppyfry_lair_drakes
Lair:3:   layout_misc_corridors, spider_nest_entry_rubble,
          ebering_ghost_reflecting_pool, serial_bayou_pond_c, grunt_megastairs_5
Lair:4:   layout_cave_pods, minmay_swamp_entry_worms, uniq_kirke
Lair:5:   layout_regular_city, slime_altar_2, gammafunk_ghost_hive
Lair:6:   cheibrodos_lair_end_hotspot, layout_loops_ring,
          nicolae_lair_grove_arrangements, st_stairs_11
Swamp:1:  layout_basic_swamp, hangedman_swamp_cone
Swamp:2:  layout_basic_swamp, evilmike_swamp_ruin_rubble_1, uniq_aizul
Swamp:3:  layout_basic_swamp, evilmike_swamp_ruin_house_3,
          infiniplex_staircase_pool_2, uniq_bai_suzhen
Swamp:4:  swamp_old_school, layout_basic_swamp, swamp_pool1, lightli_tree_ring
Spider:1: layout_spider_delve
Spider:2: layout_spider_delve, uniq_asterion, uniq_arachne
Spider:3: layout_spider_delve, portal_ice_cave_entry_pillars_three,
          nicolae_spider_cling_halls, uniq_donald, uniq_azrael
Spider:4: spider_rune_water, ebering_ghost_inner_flame, minivault_29,
          uniq_louise
Orc:1:    layout_diamond_mine, serial_shops, nicolae_shop_window_shopping, shop,
          basic_altar
Orc:2:    st_orc_mages, layout_caves, serial_shops, shop
Vaults:1: ontoclasm_vaults_twist, vaults_mumra_hex,
          vaults_room_grunt_arrival_ludios, vaults_room_ringed_pool,
          vaults_room_semicircle, vaults_dpeg_ring,
          nicolae_vaults_diagonal_hallway_7, v_misc_12,
          hangedman_vaults_stretched_pinwheel, vaults_room_hallway,
          layout_vaults_omnigrid
Vaults:2: minmay_crypt_entry_simple_plaza, ontoclasm_vaults_loading_screen,
          v_misc_19, ontoclasm_vaults_ligature, vaults_room_hallway,
          nicolae_vaults_windows_and_doors_thing, hangedman_vaults_nails,
          nicolae_vaults_what_the_h, hangedman_vaults_cutoff,
          layout_vaults_omnicross, uniq_mara, uniq_nikola, uniq_boris
Vaults:3: nicolae_vaults_ring_of_whatevers, grunt_vaults_swirl,
          nicolae_vaults_ninety_degrees, nicolae_vaults_network_periphery,
          vaults_mumra_lcd, vaults_room_grid, v_misc_8, st_squares,
          ontoclasm_vaults_ring_large, nicolae_vaults_triangles,
          nicolae_vaults_asterisk, v_misc_4, layout_vaults_omnibox
Vaults:4: grunt_vaults_focal, nicolae_vaults_network_s, hangedman_vaults_locks,
          grunt_vaults_hallway_long, nicolae_vaults_little_ls, v_misc_25,
          v_rooms_4, vaults_room_fancy_cross, v_misc_2, ontoclasm_vaults_echo,
          serial_ice_h, nicolae_vaults_angled_halls, layout_vaults_big_room
Depths:1: layout_cave_shapes, minmay_misc_feat_pillars, pf_dread_powers_of_hell,
          special_room [special_room_morgue], tgw_lugonu_bribe,
          serial_bayou_shore_a, grunt_megastairs_3, uniq_sojobo

Skill      XL: |  1  2  3  4  5  6  7  8  9 10 11 12 13 14 15 16 17 18 19 20 21 22 |
---------------+-------------------------------------------------------------------+-----
Maces & Flails | 3 4 6 7 8 10 11 12 14 15 16 | 16.0
Fighting       | 4 5 6 7 8 9 10 11 12 13 15 16 17 18 19 | 19.8
Armour         | 4 5 6 7 8 9 10 11 12 13 15 16 17 18 19 | 19.8
Shields        | 4 5 6 7 8 9 10 11 12 13 15 17 18 20 21 22 23 | 23.2
Invocations    | 1 3 5 7 8 |  8.0

Action                   |  1- 3 |  4- 6 |  7- 9 | 10-12 | 13-15 | 16-18 | 19-21 | 22-24 || total
-------------------------+-------+-------+-------+-------+-------+-------+-------+-------++-------
Melee: Flail             |   149 |   288 |   449 |   107 |   997 |   725 |       |       ||  2715
       Whip              |       |       |       |   223 |       |       |       |       ||   223
       Headbutt          |       |       |       |   159 |   331 |   349 |   236 |       ||  1075
       Morningstar       |       |       |       |   554 |   559 |       |       |       ||  1113
       Demon whip        |       |       |       |       |       |   625 |  1033 |   118 ||  1776
Throw: Stone             |     4 |    36 |    31 |       |       |       |       |       ||    71
       Dart              |       |       |    36 |   118 |    52 |    16 |    10 |    10 ||   242
Invok: Heroism           |       |       |     2 |    23 |    22 |    12 |     6 |     1 ||    66
       Finesse           |       |       |       |     1 |     2 |     5 |     1 |     1 ||    10
 Abil: Fly               |       |       |       |       |     1 |       |       |       ||     1
Evoke: Wand              |       |       |       |     3 |     8 |     4 |       |       ||    15
  Use: Scroll            |     3 |     2 |     4 |    18 |    20 |    25 |     3 |     1 ||    76
       Potion            |       |     3 |     4 |     7 |    16 |     6 |     4 |     1 ||    41
 Stab: Fleeing           |       |     1 |       |       |       |       |       |       ||     1
       Invisible         |       |       |       |     4 |       |     2 |       |       ||     6
       Distracted        |       |       |       |       |     2 |       |     1 |       ||     3
       Confused          |       |       |       |       |       |     1 |       |       ||     1
  Eat: Chunk             |     1 |     9 |    14 |    26 |    26 |    24 |    17 |     2 ||   119
       Ration            |       |       |       |       |     6 |     1 |     2 |       ||     9
Armor: Scale mail        |    90 |   192 |    21 |       |       |       |       |       ||   303
       Chain mail        |       |       |   295 |    14 |       |       |       |       ||   309
       Plate armour      |       |       |       |   488 |   704 |   591 |   226 |    51 ||  2060
Dodge: Dodged            |    41 |    87 |   120 |   189 |   210 |   184 |    72 |    25 ||   928
       Repelled          |       |       |       |       |     4 |    14 |    10 |       ||    28
Block: Kite shield       |    76 |   173 |   230 |   471 |   282 |       |       |       ||  1232
       Tower shield      |       |       |       |       |   989 |  1667 |  1029 |   165 ||  3850
       Reflection        |       |       |       |       |       |    20 |   113 |     4 ||   137
